Map: Tropical Sacrifice

Players

BigBeezy

  • Race: Zerg Zerg
  • League: Platinum
  • Spawn Location: 1:00

Money - Winner!

  • Race: Protoss Protoss
  • League: Platinum
  • Spawn Location: 7:00

VOD

Have the link to the VOD?

Description

Time

  • Played on: Aug. 8, 2022, 1:18 p.m.
  • Length: 14:30
Show
View Real Time Build Order
Export as new Build Order

BigBeezy Zerg 

Build Orders: Pool First, Roach Hydra 

Get SALT Encoding   

  12  0:00  Drone  
  13  0:13  Overlord  
  13  0:18  Drone  
  14  0:31  Drone x2  
  16  0:35  Drone  
  17  0:45  Spawning Pool  
  17  0:49  Drone  
  17  1:11  Hatchery  
  16  1:13  Drone  
  16  1:15  Extractor  
  16  1:18  Drone  
  17  1:24  Drone  
  18  1:32  Queen  
  20  1:36  Drone  
  21  1:42  Overlord  
  21  1:50  Zergling x2  
  22  2:08  Drone  
  23  2:12  Drone  
  24  2:18  Queen  
  26  2:25  Metabolic Boost  
  26  2:31  Drone x2  
  26  2:34  Queen  
  26  2:36  Drone  
  32  2:37  Drone  
  32  2:44  Drone x3  
  34  2:46  Overlord  
  35  2:55  Drone  
  36  3:02  Roach Warren  
  36  3:03  Drone  
  36  3:05  Drone  
  37  3:07  Drone  
  37  3:21  Drone x3  
  40  3:29  Drone  
  40  3:30  Drone x3  
  44  3:40  Extractor  
  44  3:41  Hatchery, Drone  
  44  3:42  Extractor  
  44  3:43  Overlord x2  
  42  4:05  Overlord x2  
  42  4:08  Overlord  
  42  4:11  Drone x2  
  42  4:12  Drone  
  45  4:18  Lair  
  45  4:23  Evolution Chamber  
  45  4:24  Drone x2, Evolution Chamber  
  45  4:27  Roach x4  
  53  4:36  Drone  
  53  4:37  Drone, Extractor  
  54  4:40  Drone  
  55  4:47  Zergling x2  
  55  4:48  Zergling x2  
  55  4:50  Zergling x2  
  58  4:53  Roach x4  
  58  4:58  Queen  
  68  5:12  Roach x4  
  68  5:13  Roach  
  78  5:19  Drone x2  
  82  5:21  Roach  
  82  5:25  Hydralisk Den  
  82  5:27  Roach  
  82  5:29  Overlord  
  82  5:30  Overlord x2  
  82  5:48  Roach x8  
  98  5:56  Grooved Spines  
  98  5:58  Roach x3  
  103  6:12  Roach  
  105  6:35  Overlord x3  
  105  6:47  Overlord x3  
  105  6:57  Roach x8  
  121  7:11  Drone x6  
  127  7:16  Zerg Missile Weapons Level 1, Zerg Ground Armor Level 1  
  127  7:17  Glial Reconstitution, Extractor  
  127  7:20  Hydralisk, Muscular Augments  
  127  7:21  Hydralisk  
  130  7:24  Overseer  
  130  7:26  Roach  
  130  7:27  Roach x3  
  138  7:46  Hydralisk  
  138  7:47  Hydralisk x3  
  138  7:49  Overlord x3  
  146  8:03  Overlord x3  
  146  8:09  Roach  
  146  8:10  Roach x4  
  146  8:11  Hydralisk  
  158  8:17  Ravager x3  
  161  8:20  Extractor  
  160  8:30  Ravager x2  
  160  8:34  Roach x3  
  168  8:41  Drone  
  168  8:43  Hydralisk, Roach  
  168  8:44  Roach  
  168  8:46  Ravager  
  176  9:03  Roach  
  176  9:04  Hydralisk x3, Roach  
  176  9:06  Ravager  
  187  9:20  Overlord x2  
  187  9:28  Overlord x2  
  187  9:42  Hatchery  
  153  10:05  Roach  
  153  10:06  Roach x14  
  129  10:17  Zerg Missile Weapons Level 2  
  129  10:18  Zerg Ground Armor Level 2  
  129  10:23  Infestation Pit  
  129  10:28  Drone x3  
  131  10:41  Zergling x2  
  131  10:42  Zergling x2  
  133  10:52  Hydralisk x2, Roach  
  133  10:53  Roach x3  
  145  11:02  Overseer  
  145  11:05  Drone x6  
  145  11:08  Drone x2  
  152  11:23  Roach x5  
  162  11:26  Hydralisk  
  164  11:38  Roach x5  
  174  11:50  Hive  
  174  11:54  Lurker Den  
  174  11:55  Roach  
  174  11:56  Roach x2  
  179  12:02  Drone x2  
  179  12:03  Drone x3  
  184  12:14  Hydralisk  
  184  12:15  Hydralisk x3  
  188  12:16  Hydralisk  
  188  12:20  Overseer  
  194  12:29  Roach  
  200  12:30  Roach x2  
  175  13:15  Roach x13  
  175  13:16  Roach x3  
  179  13:24  Roach x5  
  179  13:25  Roach x10  
  149  13:30  Hydralisk x3  
  138  13:41  Roach x3  
  138  13:42  Roach x3  
  138  13:47  Hydralisk x3  
  154  13:50  Roach  
  138  14:06  Roach x7  
  138  14:07  Roach  
Show
View Real Time Build Order
Export as new Build Order

Money Protoss - Winner!

Build Orders: Archon Immortal 

Get SALT Encoding   

  12  0:01  Probe  
  13  0:13  Probe  
  14  0:21  Pylon  
  14  0:25  Probe  
  15  0:39  Probe  
  16  0:43  Gateway  
  16  0:46  Assimilator  
  16  0:51  Probe (Chrono Boost)  
  17  1:00  Probe (Chrono Boost)  
  18  1:05  Probe  
  19  1:17  Probe  
  20  1:29  Probe  
  20  1:31  Cybernetics Core  
  21  1:41  Probe  
  22  1:47  Nexus  
  22  1:58  Pylon  
  22  2:01  Assimilator  
  22  2:08  Probe  
  22  2:15  Warp Gate  
  23  2:20  Probe (Chrono Boost)  
  24  2:25  Twilight Council  
  24  2:33  Probe (Chrono Boost)  
  25  2:40  Probe (Chrono Boost), Gateway  
  25  2:43  Zealot (Chrono Boost)  
  28  2:51  Probe  
  29  3:00  Probe  
  29  3:01  Zealot  
  29  3:04  Probe, Charge  
  33  3:19  Pylon  
  33  3:27  Stalker  
  33  3:28  Zealot  
  37  3:34  Pylon  
  37  3:42  Gateway x2  
  37  3:52  Robotics Facility  
  37  3:57  Probe  
  37  3:58  Probe  
  39  4:05  Stalker  
  42  4:10  Probe x2  
  43  4:18  Assimilator  
  43  4:22  Probe x2  
  43  4:23  Assimilator  
  45  4:26  Forge  
  45  4:29  Zealot  
  45  4:31  Zealot  
  49  4:34  Probe x2  
  51  4:47  Immortal  
  51  4:49  Protoss Ground Weapons Level 1  
  55  4:55  Pylon  
  55  5:04  Pylon  
  55  5:14  Templar Archives  
  55  5:16  Immortal  
  59  5:29  Probe (Chrono Boost)  
  59  5:30  Probe (Chrono Boost)  
  61  5:41  Probe x2 (Chrono Boost)  
  63  5:46  Probe x2 (Chrono Boost), Pylon  
  63  5:47  Pylon  
  65  5:51  High Templar  
  65  5:52  High Templar x3  
  65  5:56  Archon x2  
  73  6:18  Immortal  
  75  6:49  Shield Battery  
  75  6:51  Shield Battery  
  75  6:52  Zealot  
  75  6:53  Zealot x3  
  83  6:57  Immortal  
  87  7:06  Pylon  
  87  7:09  Pylon  
  87  7:10  Gateway  
  87  7:11  Gateway  
  87  7:15  High Templar  
  87  7:16  High Templar x2  
  87  7:17  Gateway  
  87  7:18  Gateway  
  93  7:24  Protoss Ground Armor Level 1 (Chrono Boost), Pylon  
  93  7:28  Pylon  
  93  7:33  Immortal (Chrono Boost)  
  93  7:34  Forge  
  97  7:38  Psionic Storm  
  97  7:55  High Templar  
  97  7:56  High Templar  
  101  8:01  Archon  
  101  8:06  Immortal (Chrono Boost)  
  101  8:08  Zealot x2  
  101  8:09  Zealot x2  
  113  8:13  Protoss Ground Weapons Level 2 (Chrono Boost)  
  113  8:41  Nexus  
  113  8:42  Pylon  
  113  8:44  Immortal (Chrono Boost), Pylon  
  113  8:45  Pylon  
  117  9:20  Probe x2  
  119  9:31  Shield Battery  
  119  9:32  Probe, High Templar x2  
  119  9:33  Shield Battery, High Templar x2  
  119  9:34  High Templar  
  119  9:36  Shield Battery  
  119  9:37  Zealot x2  
  119  9:38  Photon Cannon, Zealot  
  136  9:39  Photon Cannon  
  136  9:40  Archon x2  
  136  9:51  Probe x2  
  138  10:03  Probe x2  
  118  10:15  Probe x2  
  118  10:17  Stalker  
  118  10:18  Stalker x2  
  118  10:19  Stalker x2  
  118  10:20  Stalker  
  132  10:21  Zealot x2  
  132  10:25  Protoss Ground Armor Level 2 (Chrono Boost)  
  140  10:35  Immortal  
  140  10:46  Robotics Bay, Assimilator  
  140  10:47  Protoss Ground Weapons Level 3 (Chrono Boost)  
  140  10:52  Assimilator  
  140  10:58  Robotics Facility  
  140  11:29  Zealot x2  
  140  11:30  Zealot x3  
  140  11:31  Zealot x2  
  140  11:32  Zealot  
  156  11:49  Photon Cannon x3  
  156  11:54  Disruptor x2 (Chrono Boost)  
  162  12:16  Dark Shrine  
  162  12:18  Probe x2  
  164  12:37  Nexus  
  164  12:41  Assimilator  
  164  12:45  Assimilator  
  164  12:49  Pylon  
  164  12:50  Pylon  
  164  12:51  Pylon  
  164  12:56  Disruptor  
  164  12:57  Disruptor  
  162  13:00  Pylon x2  
  162  13:02  Pylon  
  110  13:29  Zealot x3  
  110  13:30  Zealot x3  
  110  13:31  Zealot  
  110  13:32  Observer, Zealot  
  110  13:33  Observer  
Tags
 
Add a new tag
Caveats
  • Supply blocks, unpowered buildings, or Contaminate may cause inaccurate times.
  • Supply counts are checked every 10 seconds.